 Dungeon Crawl Stone Soup version 0.29-a0-330-g52719c12eb (webtiles) character file.

Game seed: 5946818998664937496

109 Ajdolov the Shooter (level 4, -4/28 HPs)
             Began as a Tengu Hunter on Apr 22, 2022.
             Slain by a gnoll
             ... wielding a +0 flail of protection
              (9 damage)
             ... on level 2 of the Dungeon.
             The game lasted 00:01:40 (1194 turns).

Ajdolov the Shooter (Tengu Hunter)                  Turns: 1194, Time: 00:01:41

Health: -4/28      AC:  7    Str:  8 (11) XL:     4   Next: 89%
Magic:  5/5        EV: 12    Int:  9 (10) God:
Gold:   61         SH:  0    Dex: 17 (19) Spells: 3/3 levels left

rFire   . . .      SeeInvis .   a - +1 shortbow
rCold   . . .      Faith    .   (shield currently unavailable)
rNeg    . . .      Spirit   .   b - +0 leather armour
rPois   .          Reflect  .   (helmet restricted)
rElec   .          Harm     .   (no cloak)
rCorr   .          Rampage  .   (no gloves)
Will    .....                   (boots unavailable)
Stlth   ++........              i - amulet of the acrobat
HPRegen 0.09/turn               k - +4 ring of protection
MPRegen 0.09/turn               (no ring)

@: no status effects
A: beak, talons 3
a: no special abilities


You were on level 2 of the Dungeon.
You visited 1 branch of the dungeon, and saw 2 of its levels.

You collected 61 gold pieces.

Inventory:

Hand Weapons
 a - a +1 shortbow (weapon)
Armour
 b - a +0 leather armour (worn)
Jewellery
 i - an amulet of the acrobat (around neck)
 k - a +4 ring of protection (left hand)
Scrolls
 c - 2 scrolls of immolation
 e - a scroll of magic mapping {unknown}
 f - a scroll of vulnerability {unknown}
 g - 2 scrolls of noise {unknown}
 h - 2 scrolls of teleportation {unknown}
 j - a scroll of fog {unknown}


   Skills:
 + Level 3.1 Fighting
 * Level 6.0 Bows
 - Level 2.1 Dodging
 - Level 1.0 Stealth


You had 3 spell levels left.
You didn't know any spells.
Your spell library contained the following spells:

 Spells                   Type           Power      Damage    Failure   Level
 Slow                     Hex            0%         N/A       52%         1
 Confusing Touch          Hex            0%         N/A       87%         3
 Vampiric Draining        Necr           0%         2d6       87%         3


Dungeon Overview and Level Annotations

Branches:
Dungeon (2/15)

Altars:

Shops:
D:1 !


Innate Abilities, Weirdness & Mutations

You have a beak for a mouth.
You have claws for feet.


Message History

You shoot an arrow. The arrow closely misses the gnoll.
The arrow hits the gnoll.
The gnoll is severely wounded.
A gnoll comes into view.
It is wielding a +0 flail of protection.
You shoot an arrow. The gnoll shouts!
The arrow hits the gnoll but does no damage.
The gnoll is moderately wounded.
The gnoll hits you with a +0 whip. The gnoll barely misses you.
You shoot an arrow. The arrow hits the gnoll.
The gnoll is moderately wounded.
The gnoll hits you with a +0 whip. The gnoll attacks as you move away!
The gnoll closely misses you. The gnoll attacks as you move away!
The gnoll closely misses you.
A gnoll comes into view. It is wielding a +0 whip.
The gnoll attacks as you move away! The gnoll barely misses you.
You shoot an arrow. The arrow barely misses the gnoll.
The gnoll hits you with a +0 whip.
You shoot an arrow. The arrow closely misses the gnoll.
The arrow hits the gnoll!
You kill the gnoll!
The gnoll barely misses you.
You shoot an arrow. The arrow hits the gnoll!
You kill the gnoll!
The gnoll hits you with a +0 flail of protection!
The gnoll hits you with a +0 flail of protection.
Your Bows skill increases to level 6!
You are too injured to fight recklessly!
Unknown command.
The gnoll attacks as you move away!
The gnoll hits you with a +0 flail of protection.
* * * LOW HITPOINT WARNING * * *
The gnoll attacks as you move away! The gnoll misses you.
It was a potion of degeneration.
There was something very wrong with that liquid.
You feel weakened.
You feel dopey.
You feel clumsy. The gnoll completely misses you.
The gnoll attacks as you move away!
The gnoll hits you with a +0 flail of protection!
You die...

#.# #.# ## #.# . .
###########.#
#..#.#.#.........#.#
##..#...#.#.......#.# ..
##.......#.#..)....#.#
...#.......##.#.......#.#
..# .......lg@.......#.#####
.......>g#.##.......#.....#
#.####.##)##........####.#
#g...g...)##.............###
#.....######.........#####..
#.....#..............# #.#
#.....+..........#+#.# #.#
#....##......#####.#.# #.#
#....##......##......#####.#


You could see 2 gnolls and a frilled lizard.

Vanquished Creatures
  An adder (D:2)
  5 gnolls (D:2)
  A worm (D:2)
  8 endoplasms
  A goblin (D:2)
  5 hobgoblins
  2 jackals (D:1)
  2 kobolds (D:1)
  2 quokkas (D:1)
  4 ball pythons
  8 bats
  4 frilled lizards
  3 rats
46 creatures vanquished.

Notes
Turn   | Place    | Note
-------+----------+-------------------------------------------
     0 | D:1      | Ajdolov the Tengu Hunter began the quest for the Orb.
     0 | D:1      | Reached XP level 1. HP: 12/12 MP: 2/2
    83 | D:1      | Reached XP level 2. HP: 17/17 MP: 3/3
   180 | D:1      | Reached skill level 5 in Bows
   226 | D:1      | Found Ulittai's Distillery.
   272 | D:1      | Reached XP level 3. HP: 22/22 MP: 4/4
   889 | D:2      | Reached XP level 4. HP: 27/27 MP: 5/5
  1191 | D:2      | Reached skill level 6 in Bows
  1194 | D:2      | Slain by a gnoll

Illustrated notes

Levels and vault maps discovered:
D:1:      dpeg_arrival_arbitrary_b, layout_basic, serial_shops, shop,
          minmay_misc_feat_tiny
D:2:      layout_basic, shapermc_ecumenical_altar_acropolis

Skill      XL: |  1  2  3  4 |
---------------+-------------+-----
Bows           | 5 6 |  6.0
Fighting       | 3 |  3.1
Dodging        | |  2.1
Stealth        | |  1.0

Action                   |  1- 3 |  4- 6 || total
-------------------------+-------+-------++-------
 Fire: Shortbow          |    77 |    36 ||   113
  Use: Potion            |       |     1 ||     1
Armor: Leather armour    |    14 |     5 ||    19
Dodge: Dodged            |    11 |    14 ||    25

Table legend: (Time is in decaauts)
 A = Elapsed time spent in this place.
 B = Non-inter-level travel time spent in this place.
 C = Inter-level travel time spent in this place.
 D = Time resting spent in this place.
 E = Time spent auto-exploring this place.
 F = Levels seen in this place.
 G = Mean time per level.
                   A        B        C        D        E       F      G
               +--------+--------+--------+--------+--------+-----+--------+
         Total |   1226 |   1212 |     14 |      0 |    969 |   2 |  613.0 |
       Dungeon |   1226 |   1212 |     14 |      0 |    969 |   2 |  613.0 |
               +--------+--------+--------+--------+--------+-----+--------+

Top non-repeatable levels by time:
     D:1: 715 daAuts
     D:2: 510 daAuts
